 Dungeon Crawl Stone Soup version 0.22-a0-455-ga0624bf (webtiles) character file.

14 KristoblXynda the Slasher (level 2, -4/26 HPs)
             Began as a Naga Gladiator on June 5, 2018.
             Slain by a hobgoblin
             ... wielding a +0 club
              (5 damage)
             ... on level 1 of the Dungeon.
             The game lasted 00:00:19 (150 turns).

KristoblXynda the Slasher (Naga Gladiator)           Turns: 150, Time: 00:00:20

Health: -4/26      AC:  3    Str: 16    XL:     2   Next: 45%
Magic:  2/2        EV: 10    Int:  8    God:
Gold:   32         SH:  0    Dex: 12    Spells: 1/1 levels left

rFire    . . .     SeeInvis +   a - +0 long sword
rCold    . . .     Gourm    .   (no shield)
rNeg     . . .     Faith    .   b - +0 leather armour
rPois    +         Spirit   .   c - +0 helmet
rElec    .         Reflect  .   (no cloak)
rCorr    +         Harm     .   (no gloves)
MR       .....                  (no barding)
Stlth    +.........             (no amulet)
HPRegen  0.08/turn              e - ring of resist corrosion
MPRegen  0.08/turn              (no ring)

@: short of breath, very slow
A: large, see invisible, deformed body, poison resistance, slowness 2, slow
metabolism 1, spit poison 1, AC +0
a: Spit Poison


You were on level 1 of the Dungeon.
You were not hungry.

You visited 1 branch of the dungeon, and saw 1 of its levels.

You collected 32 gold pieces.

Inventory:

Hand Weapons
 a - a +0 long sword (weapon)
Missiles
 d - 3 throwing nets (quivered)
Armour
 b - a +0 leather armour (worn)
 c - a +0 helmet (worn)
Jewellery
 e - a ring of resist corrosion (left hand)
Scrolls
 g - a scroll of identify {unknown}
Potions
 h - a potion of degeneration {unknown}
Comestibles
 f - a ration


   Skills:
 - Level 2.0 Fighting
 * Level 3.4 Long Blades
 + Level 2.0 Throwing
 + Level 2.6 Dodging


You had one spell level left.
You didn't know any spells.
Your spell library was empty.

Dungeon Overview and Level Annotations

Branches:
Dungeon (1/15)

Altars:


Innate Abilities, Weirdness & Mutations

You cannot wear boots.
Your serpentine skin is tough. (AC +0)
You have supernaturally acute eyesight. (SInv)
Armour fits poorly on your strangely shaped body.
Your system is resistant to poisons. (rPois)
You cover ground very slowly.
You have a slow metabolism.
You can spit poison.


Message History

* * * LOW HITPOINT WARNING * * *
You hit the hobgoblin.
You kill the hobgoblin!
You hit the ooze.
The ooze is heavily wounded.
The ooze barely misses you.
You riposte.
You hit the ooze.
The ooze is severely wounded.
Press: ? - help, Shift-Dir - straight line, f - hobgoblin
Aim: a hobgoblin, wielding a club The splash of poison hits the ooze.
The ooze appears unharmed.
The ooze is severely wounded.
You feel slightly more hungry. The ooze hits you.
* * * LOW HITPOINT WARNING * * *
Unknown command.
You hit the ooze.
You kill the ooze!
You hit the hobgoblin.
The hobgoblin is severely wounded.
The hobgoblin hits you with a club.
You die...

#.# #.# ################.##
.>................##
#.##############...# ###
#.# ########## #.#.### ...
#.# #........# #.....#..#
#.###........#####(#.#..###
#...'........'..@g.........
#####........######..#..#..
#........##....).#..#
#........##......# .#
#.........#......# #
#########+#...%..# #......#
#......# #.......


You could see a hobgoblin.

Vanquished Creatures
  2 oozes (D:1)
  A goblin (D:1)
  A hobgoblin (D:1)
  A kobold (D:1)
  A ball python (D:1)
  A frilled lizard (D:1)
7 creatures vanquished.

Notes
Turn   | Place    | Note
-------+----------+-------------------------------------------
     0 | D:1      | KristoblXynda the Naga Gladiator began the quest for the Orb.
     0 | D:1      | Reached XP level 1. HP: 19/19 MP: 1/1
   135 | D:1      | Reached XP level 2. HP: 24/26 MP: 2/2
   148 | D:1      | HP: 1/26 [ooze (2)]
   150 | D:1      | Slain by a hobgoblin

Vault maps used:
D:1:      dpeg_arrival_connections, kennysheep_pointless_box,
          kennysheep_another_room, minmay_lizard_king

Skill      XL: |  1  2 |
---------------+-------+-----
Throwing       | 2 |  2.0
Fighting       | |  2.0
Long Blades    | |  3.4
Dodging        | |  2.6

Action                   || total
-------------------------++-------
Melee: Long sword        ||    18
 Abil: Spit Poison       ||     1
Armor: Leather armour    ||     4
Dodge: Dodged            ||     8
       Rpst.: Long sword ||     4

Table legend:
 A = Spawn XP
 B = Non-spawn XP
 C = Spawn XP percentage of total XP
 D = Spawn monster count
 E = Non-spawn monster count
 F = Spawn count percentage of total count
 G = Total turns spent on level
                    A         B        C        D         E        F      G
               +---------+---------+-------+---------+---------+-------+---------
         Total |       0 |      21 |   0.0 |       0 |       7 |   0.0 |   150
               +---------+---------+-------+---------+---------+-------+---------
           D:1 |       0 |      21 |   0.0 |       0 |       7 |   0.0 |   150
               +---------+---------+-------+---------+---------+-------+---------
